Cogmind - Beta 13 @@@ ROGUE MODE // 2024.04.01 @ 13:10:18 Player: gabr Result: Destroyed by L-31 Rogue with Katana Performance ------------- Evolutions (1) 500 Regions Visited (2) 400 Robots Destroyed (27) 135 Value Destroyed (633) 633 Prototype IDs (0) 0 Alien Tech Used (0) 0 Bonus (0) 0 TOTAL SCORE: 1668 Bonus ------- None Cogmind --------- Core Integrity 0/400 Matter 184/300 Energy 100/100 System Corruption 0% Temperature Cool (0) Movement Walking (400) Ox4 Location -9/Materials Parts ------- > --- POWER (1) -------- (None) > --- PROPULSION (3) --- Aluminum Leg > --- UTILITY (3) ------ High-capacity Storage Unit Visual Processing Unit ECM Suite > --- WEAPON (2) ------- (None) > --- INVENTORY (20) --- Light Treads Aluminum Leg Aluminum Leg Aluminum Leg Wheel Wheel Heat Sink Small Storage Unit Small Storage Unit Visual Processing Unit ECM Suite Peak State ------------ > --- POWER ------------ Light Nuclear Core > --- PROPULSION ------- Aluminum Leg Aluminum Leg Aluminum Leg > --- UTILITY ---------- High-capacity Storage Unit Visual Processing Unit ECM Suite > --- WEAPON ----------- Small Laser Assault Rifle > --- INVENTORY -------- Ion Engine Light Ion Engine Light Treads Aluminum Leg Aluminum Leg Aluminum Leg Aluminum Leg Wheel Wheel Small Storage Unit Small Storage Unit ECM Suite Light Assault Rifle Grenade Launcher [Rating: 13] Favorites ----------- Power Light Nuclear Core Engine Ion Engine Power Core Light Nuclear Core Propulsion Aluminum Leg Leg Aluminum Leg Utility High-capacity Storage Unit Device ECM Suite Storage High-capacity Storage Unit Processor Visual Processing Unit Protection Light Armor Plating Weapon Small Laser Energy Gun Small Laser Ballistic Gun Assault Rifle Launcher Grenade Launcher Build | -11 -10 -9 ------- Run | Yrd Mat Mat Slots Evolved 2 | . . 2 Power . | . . . Propulsion 1 | . . 1 Utility 1 | . . 1 Weapon . | . . . Parts Attached 32 | 6 14 12 Power 4 | 1 1 2 Engine 3 | 1 . 2 Core 1 | . 1 . Reactor . | . . . Propulsion 16 | 2 7 7 Treads . | . . . Leg 16 | 2 7 7 Wheel . | . . . Hover . | . . . Flight . | . . . Utility 8 | 1 6 1 Device 3 | . 2 1 Storage 3 | 1 2 . Processor 1 | . 1 . Hackware . | . . . Protection 1 | . 1 . Artifact . | . . . Weapon 4 | 2 . 2 Energy Gun 1 | 1 . . Energy Cannon . | . . . Ballistic Gun 2 | 1 . 1 Ballistic Cannon . | . . . Launcher 1 | . . 1 Special Weapon . | . . . Impact Weapon . | . . . Slashing Weapon . | . . . Piercing Weapon . | . . . Special Melee Weapon . | . . . Unidentified Prototypes . | . . . Parts Lost 11 | . 1 10 Power 2 | . . 2 Propulsion 4 | . . 4 Utility 1 | . 1 . Weapon 4 | . . 4 Highest Loss Streak 8 | . 1 8 To Critical Strikes . | . . . Average Slot Usage (%) 94 | . 95 93 Engine 3 | . 5 . Core 8 | . 8 9 Leg 28 | . 28 30 Device 3 | . . 11 Storage 13 | . 14 11 Processor 8 | . 6 11 Protection 1 | . 1 . Energy Gun 12 | . 14 7 Ballistic Gun 13 | . 14 11 Naked Turns . | . . . Heaviest Build 51 | 13 51 50 Greatest Support 30 | 20 20 30 Greatest Overweight (x) 4 | . 2 4 Average Overweight (x) 1 | . 1 1 Largest Inventory Capacity 20 | 8 20 20 Average Capacity 16 | 7 17 20 Most Carried 18 | 7 16 18 Average Carried 12 | 5 12 15 Final Capacity 20 | 8 20 20 Final Carried 16 | 7 16 11 Class Distribution -------------------- 59% | Scavenger-Mutant 40% | Mutant Dominant Class ---------------- Scavenger-Mutant | -10/Materials Scavenger-Mutant | -9/Materials Resources | -11 -10 -9 ----------- Run | Yrd Mat Mat Matter Collected 599 | 235 261 103 Remotely . | . . . Salvage Created 1094 | 59 517 518 Parts 66 | 2 32 32 Haulers Intercepted . | . . . Recyclers Shooed . | . . . Parts Field Recycled . | . . . Retrieved Matter . | . . . Parts Self-Destructed . | . . . Prevented . | . . . Kills | -11 -10 -9 ------- Run | Yrd Mat Mat Combat Hostiles Destroyed 16 | . 8 8 Guns 12 | . 8 4 AOE 4 | . . 4 Classes Destroyed 5 | 1 3 1 Recycler 6 | 1 3 2 Watcher 5 | . 2 3 Swarmer 3 | . 3 . Grunt 11 | . 5 6 Sentry 2 | . . 2 Best Kill Streak 6 | 1 5 6 Combat Bots Only 4 | . 4 4 Max Kills in Single Turn 2 | 1 1 2 Gunslinging . | . . . Exploded 2 | . . 2 Melee . | . . . Uniques/NPCs Destroyed . | . . . Combat | -11 -10 -9 -------- Run | Yrd Mat Mat Hostile Shots Fired 160 | . 53 107 Missed 38 | . 14 24 Damage Taken 1719 | . 383 1336 Core 458 | . 31 427 Absorbed by Shields . | . . . Core Remaining (%) 93 | 100 87 . Volleys Fired 70 | 3 32 35 Largest 2 | 2 2 2 Hottest 60 | 60 60 60 Shots Fired 127 | 6 62 59 Gun 124 | 6 62 56 Cannon . | . . . Launcher 3 | . . 3 Special . | . . . Kinetic 73 | 3 32 38 Thermal 51 | 3 30 18 Explosive 3 | . . 3 Electromagnetic . | . . . Robot Hit Streak 6 | 5 6 6 Robot Miss Streak 3 | . 2 3 Penetration Max . | . . . Secondary Targets 2 | . 2 . Max Gunslinging Chain 1 | . 1 . Shots Hit Robots 83 | 5 40 38 Core Hits 49 | 2 24 23 Critical Kills . | . . . Critical Parts Destroyed 1 | . . 1 Critical Strikes 1 | . . 1 Destroy 1 | . . 1 Melee Attacks . | . . . Impact . | . . . Slashing . | . . . Piercing . | . . . Sneak Attacks . | . . . Combat Hostiles . | . . . Follow-up Attacks . | . . . Damage Inflicted 1333 | 61 472 800 Guns 928 | 61 472 395 Cannons . | . . . Explosions 405 | . . 405 Melee . | . . . Ramming . | . . . Kinetic 567 | 27 276 264 Thermal 361 | 34 196 131 Explosive 405 | . . 405 Electromagnetic . | . . . Impact . | . . . Slashing . | . . . Piercing . | . . . Highest Corruption 2 | . 2 . Average Corruption 2 | . 2 . Corruption Purged . | . . . Corruption Blocked . | . . . Effects 15 | . 15 . Matter Fused 2 | . 2 . Heat Flow Errors 1 | . 1 . Energy Discharges 3 | . 3 . Data Loss (minor) 5 | . 5 . Data Loss (major) 1 | . 1 . Misfires 1 | . 1 . Alerts 1 | . 1 . Weapon Failures 1 | . 1 . Overload Shots . | . . . Overflow Damage 24 | . . 24 Projectiles . | . . . Explosions 24 | . . 24 Melee . | . . . Knockbacks . | . . . Impact . | . . . Kinetic . | . . . Secondary . | . . . Self-Inflicted Damage 143 | . . 143 Shots 3 | . . 3 Rammed . | . . . Targets Rammed . | . . . Kicked . | . . . Crushed . | . . . Highest Temperature 183 | . 183 20 Average Temperature 21 | . 27 8 Received Heat Transfer 504 | . 108 396 Siege Activations . | . . . Robots Corrupted . | . . . Combat Hostiles . | . . . Parts Fried . | . . . Impact Corruptions . | . . . Robots Melted . | . . . Combat Hostiles . | . . . Parts Melted 1 | . . 1 Heat Transferred 825 | 75 450 300 Parts Sabotaged . | . . . Parts Stolen . | . . . Parts Stripped . | . . . Power Chain Reactions . | . . . Alert | -11 -10 -9 ------- Run | Yrd Mat Mat Peak Influence 321 | 5 217 321 Initial 27 | . 3 27 Average 91 | 2 81 147 Maximum Alert Level 1 | . 1 1 Low Security (%) 84 | 100 84 80 Level 1 15 | . 15 19 Level 2 . | . . . Level 3 . | . . . Level 4 . | . . . Level 5 . | . . . High Security . | . . . Max Security . | . . . Squads Dispatched 5 | . 3 2 Investigation . | . . . Extermination . | . . . Reinforcement 5 | . 3 2 Assault . | . . . Garrison . | . . . Intercept . | . . . Searches Triggered . | . . . Construction Impeded . | . . . Haulers Reinforced . | . . . Active Scanning Responses . | . . . Cargo Convoy Interrupts . | . . . Stealth | -11 -10 -9 --------- Run | Yrd Mat Mat Distress Signals 4 | . 1 3 Communications Jammed . | . . . Distress Signals . | . . . Times Spotted 33 | . 13 20 Peak Tracking Total 7 | . 6 7 Tactical Retreats 3 | . 1 2 Traps | -11 -10 -9 ------- Run | Yrd Mat Mat Traps Triggered 1 | . 1 . Indirectly . | . . . Trap Hack Attempts . | . . . Triggered . | . . . Disarmed . | . . . Reprogrammed . | . . . Reused . | . . . Traps Extracted . | . . . Installed . | . . . Triggered . | . . . Machines | -11 -10 -9 ---------- Run | Yrd Mat Mat Machines Disabled 1 | . . 1 Max in Single Turn 1 | . . 1 Machines Repaired . | . . . Machines Dismantled . | . . . Machines Sabotaged . | . . . Overloaded Fab Kills . | . . . Hacking | -11 -10 -9 --------- Run | Yrd Mat Mat Machines Accessed . | . . . Terminals . | . . . Fabricators . | . . . Repair Stations . | . . . Recycling Units . | . . . Scanalyzers . | . . . Garrison Access . | . . . Total Hacks . | . . . Successful . | . . . Failed . | . . . Catastrophic . | . . . Database Lockouts . | . . . Manual . | . . . Terminals . | . . . Fabricators . | . . . Repair Stations . | . . . Recycling Units . | . . . Scanalyzers . | . . . Garrison Access . | . . . Terminal Hacks . | . . . Fabricator Hacks . | . . . Repair Station Hacks . | . . . Recycling Unit Hacks . | . . . Scanalyzer . | . . . Garrison Access Hacks . | . . . Unauthorized Hacks . | . . . Terminals . | . . . Fabricators . | . . . Repair Stations . | . . . Recycling Units . | . . . Scanalyzers . | . . . Garrison Access . | . . . Data Cores Recovered . | . . . Used . | . . . Hacking Detections . | . . . Full Trace Events . | . . . Feedback Events . | . . . Feedback Blocked . | . . . Robot Schematics Acquired . | . . . Robots Built . | . . . Authchips . | . . . Time . | . . . Total Robot Build Rating . | . . . Part Schematics Acquired . | . . . Parts Built . | . . . Authchips . | . . . Time . | . . . Total Part Build Rating . | . . . Parts Repaired . | . . . Time . | . . . Parts Recycled . | . . . Recycled Matter . | . . . Retrieved Matter . | . . . Retrieved Components . | . . . Parts Scanalyzed . | . . . Part Schematics Acquired . | . . . Parts Damaged . | . . . Bothacking | -11 -10 -9 ------------ Run | Yrd Mat Mat Used RIF Installer . | . . . Robots Hacked . | . . . Non-combat . | . . . Combat . | . . . Robot Hacks Applied . | . . . Relay Couplers Released . | . . . Fabnet Peak Effective % . | . . . Robots Rewired . | . . . Allies Hacked . | . . . Hacks Repelled . | . . . Allies | -11 -10 -9 -------- Run | Yrd Mat Mat Total Allies . | . . . Largest Group . | . . . Highest-Rated Group . | . . . Highest-Rated Ally . | . . . Total Orders . | . . . Ally Attacks . | . . . Total Damage . | . . . Kills . | . . . Allies Corrupted . | . . . Allies Melted . | . . . Intel | -11 -10 -9 ------- Run | Yrd Mat Mat Robot Analysis Total . | . . . Derelict Logs Recovered . | . . . Drone Launches . | . . . Drone Recoveries . | . . . Exploration | -11 -10 -9 ------------- Run | Yrd Mat Mat Turns Passed 1229 | 116 778 335 Spaces Moved 480 | 68 305 107 Core 5 | 5 . . Treads . | . . . Legs 475 | 63 305 107 Wheels . | . . . Hover . | . . . Flight . | . . . Fastest Speed 50 | 50 120 190 Average Speed 193 | 114 208 199 Slowest Speed 400 | 120 260 400 Overloaded Moves . | . . . Propulsion Burnouts . | . . . Robots Hopped . | . . . Cave-ins Triggered . | . . . Exploration Rate (%) 16 | 5 27 17 Regions Visited 2 Branch Regions . Pre-discovered Areas . | . . . Known Exits Taken . | . . . Unknown Exits Taken 2 | 1 1 . Scrap Searched . | . . . Spaces Dug . | . . . Terrain Destroyed 42 | . . 42 Melee . | . . . Projectile . | . . . AOE 42 | . . 42 Terrain Rammed . | . . . Walls Destroyed . | . . . Machines Disabled . | . . . Actions | -11 -10 -9 --------- Run | Yrd Mat Mat Total 651 | 97 384 170 Wait 52 | 14 24 14 Move 478 | 67 304 107 Hop . | . . . Pick Up 12 | 7 3 2 Fast Attach 12 | 6 5 1 Attach 10 | . 1 9 Detach 2 | . 2 . Swap 10 | . 8 2 Drop 5 | . 5 . Fire 70 | 3 32 35 Melee . | . . . Ram . | . . . Kick . | . . . Crush . | . . . Escape Stasis . | . . . Rewire . | . . . Trap . | . . . Miscellaneous . | . . . Route ------- -11/Scrapyard -10/Materials -9/Materials (discovered 1 exit: [*Min]) History --------- Turn | Location | Event 9 | -11/Scrapyard | Discovered new exit (range 14) 117 | -11/Scrapyard | Entered Materials 326 | -10/Materials | Discovered new exit (range 5) 327 | -10/Materials | Build established: Mutant 783 | -10/Materials | Build established: Scavenger-Mutant 895 | -10/Materials | Entered another Materials area 895 | -9/Materials | Evolved 2 slots: Propulsion x1, Utility x1 1047 | -9/Materials | Discovered new exit (range 8) 1201 | -9/Materials | Core integrity fell below 50% 1224 | -9/Materials | Core integrity fell below 20% 1230 | -9/Materials | Destroyed by L-31 Rogue with Katana Last Messages --------------- 01218_ U-05 Engineer builds a Wall. 01219_ U-05 Engineer lays Concrete. 01220_ The unstable cave ceiling collapses. 01220_ K-01 Serf collects debris. 01220_ Lgt. Ion Engine severed. 01220_ U-05 Engineer builds a Wall. 01221_ K-01 Serf collects debris. 01221_ U-05 Engineer lays Concrete. 01222_ U-05 Engineer builds a Wall. 01223_ U-05 Engineer lays Concrete. 01224_ K-01 Serf collects debris. 01224_ U-05 Engineer builds a Wall. 01226_ K-01 Serf collects debris. 01226_ U-05 Engineer lays Concrete. 01227_ U-05 Engineer builds a Wall. 01227_ U-05 Engineer lays Concrete. 01228_ K-01 Serf collects debris. 01228_ U-05 Engineer lays Concrete. 01229_ Aluminum Leg destroyed. 01230_ K-01 Serf collects debris. Map ----- +----------------------------------------------------+ | ?????????????????????????????????????????????????? | | ?????????????????????????????????????????????????? | | ?????????????????????????????????????????????????? | | ?????????????????????????????????????????????????? | | ?????????????????????????????????????????????????? | | ??????????????????????? ???????????????????????? | | ??????????????????????? ???????#+#?????????????? | | ??????????????????????? ??????? ??????????????? | | ??????????????????????# #?????? ?? ??????????? | | ??????????????????????# #?????? ? ???????????? | | ??????????????????????# #?????? "" ???????????? | | ??????????????????????# #?????? S"" ???????????? | | ??????????????????????# #?????? "" ????????????? | | ??????????????????????#ss #??#### ###??????????? | | ??????????????????????# s#?? ## ## ####?#??????? | | ??????????????????????# a#?## # [ # #??????? | | ??????????????????????# #?# # # #??????? | | ??????????????????????# #### + #??????? | | ??????????????????????# ## ### [ # #??????? | | ??????????????????????# # # !%=*# #??????? | | ??????????????????????# ## /= *!%!# #??????? | | ??????????????????????# # !%#= * # ###????? | | ??????????????????????# ##* =#g | | ??????????????######### ##% ### | | ????########### k # # % # +?????? ? | | ????# %[ @l *! ## # ??????? | | #####